 Dungeon Crawl Stone Soup version 0.28-a0-804-g60983d4ba9 (webtiles) character file.

Game seed: 1240470559683301029

5196 frimble the Skirmisher (level 10, -7/102 HPs)
             Began as a Troll Warper on Nov 8, 2021.
             Mangled by a sun demon (9 damage)
             ... summoned by a kobold demonologist
             ... on level 9 of the Dungeon.
             The game lasted 00:12:35 (7345 turns).

frimble the Skirmisher (Troll Warper)               Turns: 7345, Time: 00:12:35

Health: -7/102     AC: 10    Str: 27    XL:     10   Next: 34%
Magic:  8/10       EV:  9    Int: 12    God:
Gold:   289        SH:  0    Dex:  9    Spells: 9/11 levels left

rFire   + . .      SeeInvis .     - Unarmed
rCold   . . .      Faith    .   (no shield)
rNeg    . . .      Spirit   .   k - +1 robe {rF+}
rPois   .          Reflect  .   (helmet restricted)
rElec   .          Harm     .   g - +0 cloak
rCorr   .          Rampage  .   (gloves unavailable)
Will    .....                   (boots unavailable)
Stlth   +.........              (no amulet)
HPRegen 1.27/turn               y - +6 ring of strength
MPRegen 0.12/turn               w - +4 ring of protection

@: no status effects
A: large, unfitting armour, claws 3, regeneration 1, shaggy fur 1, tough skin 1
a: no special abilities


You were on level 9 of the Dungeon.
You visited 1 branch of the dungeon, and saw 9 of its levels.

You collected 581 gold pieces.
You spent 292 gold pieces at shops.

Inventory:

Missiles
 c - 4 boomerangs of dispersal
 e - 7 large rocks
 r - 4 boomerangs (quivered)
 s - a throwing net
Armour
 g - a +0 cloak (worn)
 k - a +1 robe of fire resistance (worn)
 z - a +0 kite shield
Jewellery
 f - a ring of poison resistance
 l - an amulet of guardian spirit
 w - a +4 ring of protection (right claw)
 y - a +6 ring of strength (left claw)
 A - a ring of see invisible
 F - a ring of resist corrosion
Wands
 B - a wand of flame (24)
Scrolls
 a - a scroll of amnesia
 b - a scroll of blinking
 q - 3 scrolls of teleportation
 v - a scroll of fear
 D - 2 scrolls of fog
 E - a scroll of magic mapping {unknown}
Potions
 d - 7 potions of curing {unknown}
 h - 6 potions of brilliance {unknown}
 i - 3 potions of flight {unknown}
 j - 4 potions of invisibility {unknown}
 m - 3 potions of heal wounds {unknown}
 n - a potion of might {unknown}
 o - a potion of mutation {unknown}
 p - a potion of magic {unknown}
 t - a potion of resistance {unknown}
 u - a potion of cancellation
 x - a potion of haste
 H - a potion of berserk rage


   Skills:
 + Level 7.0 Fighting
 - Level 4.0 Throwing
 - Level 1.9 Dodging
 * Level 6.1 Shields
 - Level 6.5 Unarmed Combat
 - Level 1.2 Spellcasting
 - Level 6.1 Translocations


You had 9 spell levels left.
You knew the following spells:

 Your Spells              Type           Power      Damage    Failure   Level
a - Blink                 Tloc           30%        N/A       3%          2

Your spell library contained the following spells:

 Spells                   Type           Power      Damage    Failure   Level
 Gell's Gravitas          Tloc           15%        N/A       7%          3
 Lesser Beckoning         Tloc           15%        N/A       7%          3
 Teleport Other           Tloc           15%        N/A       7%          3
 Animate Skeleton         Necr           0%         N/A       30%         1
 Pain                     Necr           0%         1d4       30%         1
 Shock                    Conj/Air       0%         1d3       30%         1
 Slow                     Hex            0%         N/A       30%         1
 Corpse Rot               Necr/Air       0%         N/A       41%         2
 Passwall                 Tmut/Erth      0%         N/A       41%         2
 Poisonous Vapours        Pois/Air       0%         N/A       41%         2
 Manifold Assault         Tloc           15%        N/A       54%         5
 Confusing Touch          Hex            0%         N/A       65%         3
 Summon Guardian Golem    Hex/Summ       0%         N/A       65%         3
 Swiftness                Air            0%         N/A       65%         3
 Vampiric Draining        Necr           0%         2d6       65%         3
 Airstrike                Air            0%         N/A       96%         4
 Hailstorm                Conj/Ice       0%         3d3       96%         4
 Ice Form                 Ice/Tmut       0%         N/A       96%         4
 Summon Lightning Spire   Summ/Air       0%         N/A       96%         4
 Dispersal                Tloc           7%         N/A       98%         6
 Yara's Violent Unravell  Hex/Tmut       0%         3d3       100%        5
 Invisibility             Hex            0%         N/A       100%        6
 Simulacrum               Ice/Necr       0%         N/A       100%        6
 Orb of Destruction       Conj           0%         N/A       100%        7
 Spellforged Servitor     Conj/Summ      0%         N/A       100%        7
 Storm Form               Tmut/Air       0%         N/A       100%        7
 Disjunction              Tloc           7%         N/A       100%        8
 Maxwell's Capacitive Co  Air            0%         ∞         100%        8


Dungeon Overview and Level Annotations

Branches:
Dungeon (9/15)             Temple (0/1) D:6            Lair (0/6) D:8
    Orc: D:9-12

Altars:
Gozag
Kikubaaqudgha
Makhleb
Qazlal
Vehumet
Lugonu

Shops:
D:3 *   D:4 *   D:6 *   D:7 =   D:9 *

Portals:
Abyss: D:4


Innate Abilities, Weirdness & Mutations

You are too large for most types of armour.
You have claws for hands.
Your natural rate of healing is unusually fast.
You are covered in fur. (AC +1)
You have tough skin. (AC +1)


Message History

The bolt of acid misses the kobold demonologist.
You feel sick.
You are no longer poisoned.
The sun demon hits you!
* * * LOW HITPOINT WARNING * * *
You are engulfed in flames!
You resist.
* * * LOW HITPOINT WARNING * * *
Blink to where?
Press: ? - help, Dir - move target, p - kobold demonologist
As you read the scroll of blinking, it crumbles to dust.
Aiming: Corrosive Bolt
Press: ? - help, Shift-Dir - straight line, f - kobold demonologist
Aim: a kobold demonologist, wielding a +0 dagger and wearing a +0 robe (lightly wounded, covered in acid, 60% to hit)
The bolt of acid hits the kobold!
The acid corrodes the kobold!
You kill the kobold!
The bolt of acid hits the kobold!
The acid corrodes the kobold!
You kill the kobold!
The bolt of acid hits the kobold demonologist!
The kobold demonologist seems to be corroded for longer.
The kobold demonologist is moderately wounded.
Aiming: Corrosive Bolt
Press: ? - help, Shift-Dir - straight line, f/p - kobold demonologist
Aim: a kobold demonologist, wielding a +0 dagger and wearing a +0 robe (moderately wounded, covered in acid, 60% to hit)
The bolt of acid misses the kobold demonologist.
You feel stable enough to blink again.
Aiming: Corrosive Bolt
Press: ? - help, Shift-Dir - straight line, f/p - kobold demonologist
Aim: a kobold demonologist, wielding a +0 dagger and wearing a +0 robe (moderately wounded, covered in acid, 60% to hit)
The bolt of acid hits the kobold demonologist!
The kobold demonologist seems to be corroded for longer.
The kobold demonologist is severely wounded.
The now-empty wand crumbles to dust.
You claw the kobold demonologist!
The kobold demonologist is almost dead.
The kobold demonologist hits you with a +0 dagger.
* * * LOW HITPOINT WARNING * * *
The kobold hits you but does no damage. The sun demon hits you!
* * * LOW HITPOINT WARNING * * *
You are engulfed in flames!
You resist.
You die...

#..####. #....#..
#.....# #.....#
####.....#
###........#######
#....#...........#
#.K..####...####..
#@K).)............
#.3..#######....#)
#....# ##..##.#.
#....# ##..###...
#....# #.........
###### #########.
#. ##


You could see a sun demon (summoned, corroded), a kobold demonologist (corroded)
and a kobold.

Vanquished Creatures
  A kobold demonologist (D:9)
  A shadow (D:9)
  Sigmund (D:3)
  2 wyverns
  2 basilisks (D:7)
  A yak (D:7)
  An acid dragon (D:9)
  A water moccasin (D:6)
  A hornet zombie (D:7)
  2 orc warriors
  An ice beast (D:6)
  2 necrophages
  3 centaurs
  An ogre (D:5)
  A kobold brigand (D:8)
  2 bullfrogs
  A gnoll sergeant (D:4)
  A scorpion (D:6)
  2 wyvern zombies
  A water moccasin zombie (D:6)
  4 killer bees
  19 wights
  A howler monkey (D:6)
  2 jellies
  2 hounds
  3 centaur zombies
  6 orc priests
  A bullfrog skeleton (D:4)
  Crazy Yiuf (D:7)
  3 centaur skeletons
  4 iguanas
  Terence (D:2)
  8 orc wizards
  2 killer bee zombies
  A hound skeleton (D:4)
  A howler monkey zombie (D:8)
  Robin (D:3)
  13 gnolls
  8 adders
  A shadow imp (D:8)
  A white imp (D:7)
  2 ufetubi
  An adder skeleton (D:4)
  A worm (D:3)
  A dart slug (D:1)
  30 orcs
  7 ball pythons
  9 endoplasms
  5 giant cockroaches
  19 goblins
  8 hobgoblins
  11 kobolds
  9 quokkas
  3 bats
  2 frilled lizards
  6 rats
  A lurking horror (D:4)
226 creatures vanquished.

Vanquished Creatures (others)
  A lurking horror (D:4)
1 creature vanquished.

Grand Total: 227 creatures vanquished

Notes
Turn   | Place    | Note
-------+----------+-------------------------------------------
     0 | D:1      | frimble the Troll Warper began the quest for the Orb.
     0 | D:1      | Reached XP level 1. HP: 19/19 MP: 1/1
    88 | D:1      | Reached XP level 2. HP: 28/28 MP: 2/2
   389 | D:1      | Reached skill level 2 in Fighting
   553 | D:1      | Reached XP level 3. HP: 35/35 MP: 3/3
  1042 | D:2      | Learned a level 2 spell: Blink
  1148 | D:2      | Noticed Terence
  1159 | D:2      | Killed Terence
  1160 | D:2      | Reached XP level 4. HP: 31/44 MP: 4/4
  1689 | D:3      | Found Gozag's Platinum Reserve.
  1694 | D:3      | Found a radiant altar of Vehumet.
  1700 | D:3      | Found an opulent altar of Gozag.
  1794 | D:3      | Found an ancient bone altar of Kikubaaqudgha.
  1918 | D:3      | Noticed Sigmund
  1932 | D:3      | Killed Sigmund
  1933 | D:3      | Reached skill level 3 in Fighting
  1933 | D:3      | Reached XP level 5. HP: 36/53 MP: 5/5
  1958 | D:3      | Noticed a centaur
  1973 | D:3      | Killed a centaur
  1974 | D:3      | Reached XP level 6. HP: 57/61 MP: 6/6
  2017 | D:3      | Found a burning altar of Makhleb.
  2069 | D:3      | Noticed Robin
  2095 | D:3      | Killed Robin
  2609 | D:3      | Found a stormy altar of Qazlal.
  2675 | D:4      | Found a corrupted altar of Lugonu.
  2781 | D:4      | Found a one-way gate to the infinite horrors of the Abyss.
  2894 | D:4      | Found Qaiffy's General Store.
  3165 | D:4      | Reached XP level 7. HP: 68/68 MP: 7/7
  3202 | D:5      | Entered Level 5 of the Dungeon
  3220 | D:5      | Reached skill level 1 in Throwing
  3247 | D:5      | Reached skill level 4 in Fighting
  3324 | D:4      | Reached skill level 5 in Unarmed Combat
  3574 | D:5      | Reached XP level 8. HP: 42/79 MP: 8/8
  3717 | D:5      | Identified the +5 dagger of Compound Interest {flame,
                  | Dex+4}
  3831 | D:5      | Noticed a gargoyle
  3846 | D:6      | Found a staircase to the Ecumenical Temple.
  4368 | D:6      | Reached skill level 5 in Fighting
  4389 | D:6      | Reached skill level 5 in Translocations
  4679 | D:6      | Found Motyd's Assorted Antiques.
  4682 | D:6      | Bought a jade ring for 120 gold pieces
  4682 | D:6      | Bought a kite shield for 108 gold pieces
  4682 | D:6      | Bought an emerald potion for 21 gold pieces
  4720 | D:6      | Reached XP level 9. HP: 88/88 MP: 9/9
  4729 | D:6      | Reached skill level 1 in Shields
  5155 | D:7      | Found Sadduna's Jewellery Shop.
  5442 | D:7      | Reached skill level 6 in Fighting
  5790 | D:7      | Found a runed translucent door.
  5791 | D:7      | Noticed Crazy Yiuf
  5973 | D:7      | Killed Crazy Yiuf
  6266 | D:8      | Reached skill level 5 in Shields
  6266 | D:8      | Reached XP level 10. HP: 65/100 MP: 10/10
  6298 | D:8      | Found a staircase to the Lair.
  6849 | D:9      | Found Ewki's Assorted Antiques.
  6859 | D:9      | Bought a scroll labelled ARI UQEV HEES for 23 gold pieces
  6859 | D:9      | Bought a fuming emerald potion for 20 gold pieces
  7329 | D:9      | Noticed a sun demon
  7335 | D:9      | Reached skill level 7 in Fighting
  7345 | D:9      | HP: 2/102 [sun demon[a kobold demonologist] (15)]
  7345 | D:9      | Mangled by a sun demon

Illustrated notes

Levels and vault maps discovered:
D:1:      erik_arrival_orb_chamber, layout_basic, grunt_decor_one_mirror,
          minmay_quantized
D:2:      layout_basic, uniq_terence
D:3:      layout_basic, lemuel_coloured_pillars_altar, amcnicky_altar_gilded,
          nicolae_gozag_zags_fifth_avenue, mainiacjoe_overflow_catwalk_spiral,
          uniq_robin, uniq_sigmund
D:4:      layout_rooms, serial_shops, nicolae_diamond_shop,
          amcnicky_altar_lugonu_corruption
D:5:      layout_basic
D:6:      layout_loops_corners, minmay_temple_entry_sparse_star, serial_shops,
          kennysheep_mini_moat
D:7:      layout_loops_ring, serial_shops, shop, uniq_crazy_yiuf_cottage
D:8:      layout_rooms, nicolae_overflow_hidden_temple, david_lair_generic
D:9:      layout_rooms, serial_shops, nicolae_shop_competitors_out_of_business

Skill      XL: |  1  2  3  4  5  6  7  8  9 10 |
---------------+-------------------------------+-----
Fighting       | 2 3 4 5 6 7 |  7.0
Unarmed Combat | 3 4 5 6 |  6.5
Translocations | 3 4 5 6 |  6.1
Throwing       | 2 4 |  4.0
Shields        | 5 6 |  6.1
Dodging        | |  1.9
Spellcasting   | |  1.2

Action                   |  1- 3 |  4- 6 |  7- 9 | 10-12 || total
-------------------------+-------+-------+-------+-------++-------
Melee: Unarmed           |    92 |   179 |   400 |    91 ||   762
       Punch             |       |     4 |    10 |     5 ||    19
Throw: Boomerang         |       |     1 |    23 |     8 ||    32
       Large rock        |       |       |     6 |       ||     6
 Cast: Blink             |       |     3 |     5 |     1 ||     9
Evoke: Wand              |       |       |     2 |     5 ||     7
  Use: Scroll            |     1 |     4 |     3 |     5 ||    13
Armor: Robe              |    19 |    71 |   149 |    40 ||   279
Dodge: Dodged            |    30 |    92 |   160 |    25 ||   307

Table legend: (Time is in decaauts)
 A = Elapsed time spent in this place.
 B = Non-inter-level travel time spent in this place.
 C = Inter-level travel time spent in this place.
 D = Time resting spent in this place.
 E = Time spent auto-exploring this place.
 F = Levels seen in this place.
 G = Mean time per level.
                   A        B        C        D        E       F      G
               +--------+--------+--------+--------+--------+-----+--------+
         Total |   7284 |   6915 |    369 |      0 |   5201 |   9 |  809.3 |
       Dungeon |   7284 |   6915 |    369 |      0 |   5201 |   9 |  809.3 |
               +--------+--------+--------+--------+--------+-----+--------+

Top non-repeatable levels by time:
     D:6: 1201 daAuts
     D:7: 1129 daAuts
     D:1: 1005 daAuts
     D:3: 955 daAuts
     D:2: 667 daAuts
     D:4: 637 daAuts
     D:8: 569 daAuts
     D:5: 563 daAuts
     D:9: 554 daAuts
